 Dungeon Crawl Stone Soup version 0.18-a0-1070-gd466a24 (webtiles) character file.

312 4thArraOfDagon the Firebug (level 6, -1/36 HPs)
             Began as a High Elf Fire Elementalist on Jan 13, 2016.
             Killed by nerve-wracking pain
             ... invoked by Grinder
              (4 damage)
             ... while paralysed by Grinder
             ... on level 5 of the Dungeon.
             The game lasted 00:04:52 (571 turns).

4thArraOfDagon the Firebug (HEFE)                    Turns: 571, Time: 00:04:52

Health: -1/36      AC:  4    Str:  7    XL:     6   Next: 18%
Magic:  1/12       EV:  2    Int: 21    God:
Gold:   73         SH:  0    Dex: 16    Spells: 3 memorised, 4 levels left

rFire  . . .     SeeInvis .     f - +0 club
rCold  . . .     Gourm    .     a - +0 robe
rNeg   . . .     Faith    .     (no shield)
rPois  .         Spirit   .     e - +0 helmet
rElec  .         Dismiss  .     (no cloak)
rCorr  .         Reflect  .     h - +0 pair of gloves
SustAt .         Harm     .     (no boots)
MR     .....                    (no amulet)
Stlth  ++........               (no ring)
                                (no ring)

@: paralysed, not resistant to hostile enchantments, unstealthy
A: no striking features
a: no special abilities


You were on level 5 of the Dungeon.
You were not hungry.

You visited 1 branch of the dungeon, and saw 6 of its levels.

You collected 73 gold pieces.

Inventory:

Hand Weapons
 f - a +0 club (weapon)
Armour
 a - a +0 robe (worn)
 e - a +0 helmet (worn)
 h - a +0 pair of gloves (worn)
Wands
 q - a wand of disintegration (10/24)
Scrolls
 n - a scroll of amnesia
Potions
 d - a potion of lignification
 k - a potion of beneficial mutation {unknown}
 l - 2 potions of curing {unknown}
 m - a potion of cure mutation
 o - a potion of resistance
 p - a potion of brilliance {unknown}
 r - a potion of mutation {unknown}
 s - a potion of magic {unknown}
Books
 b - a book of Flames

   Spells                             Type                      Level
   a - Flame Tongue                   Conjuration/Fire             1
   b - Throw Flame                    Conjuration/Fire             2
   c - Conjure Flame                  Conjuration/Fire             3
   d - Inner Flame                    Hexes/Fire                   3
   e - Sticky Flame                   Conjuration/Fire             4
   f - Fireball                       Conjuration/Fire             5
Comestibles
 c - 3 bread rations
 i - a chunk of flesh
 j - a meat ration


   Skills:
 - Level 2.1 Dodging
 - Level 2.1 Stealth
 + Level 3.8 Spellcasting
 * Level 4.4 Conjurations
 * Level 4.9 Fire Magic


You had 4 spell levels left.
You knew the following spells:

 Your Spells              Type           Power        Failure   Level  Hunger
a - Flame Tongue          Conj/Fire      ###..        1%          1    None
b - Conjure Flame         Conj/Fire      ###.....     6%          3    ###....
c - Sticky Flame          Conj/Fire      ###.....     21%         4    ####...


Dungeon Overview and Level Annotations

Branches:
Dungeon (6/15)
 Temple: D:4-7

Altars:
Yredelemnul

Annotations:
D:3 tof's ghost, amateur TeAs
D:5 Grinder


Message History

Grinder gestures at you. Pain shoots through your body!
* * * LOW HITPOINT WARNING * * *
Unknown command.
Unknown command.
Unknown command.
Grinder burns!
Grinder gestures at you.
You suddenly lose the ability to move!
Grinder burns!
Grinder stops burning.
The crimson imp blinks!
Grinder gestures at you. Pain shoots through your body!
* * * LOW HITPOINT WARNING * * *
Grinder grins, showing sharp teeth.
Grinder gestures at you. You resist with some effort.
The crimson imp blinks!
Grinder gestures at you. Pain shoots through your body!
You die...

#..###### ## ...... ###### # ##
...l.# ...5...##. ... ..#.
######.# .. ####.. .. #... #.###
#... #..## #....
#..<###.#####....
##.....o.#...o5@.........
#....._...§...##..>.......
#.#.......############.### ..#
..... ##...# ### ..$### ####..#
#.##.######..§.#############
######†##...........§§§§§........
....#.........###################
..........#####


You could see Grinder and an orc.

Vanquished Creatures
  A water moccasin (D:6)
  A giant frog (D:6)
  A scorpion (D:5)
  A hound (D:5)
  A worker ant (D:6)
  A hound skeleton (D:6)
  2 adders
  3 hobgoblins
  A jackal (D:6)
  A quokka (D:5)
  A giant newt (D:1)
  3 rats
17 creatures vanquished.

Notes
Turn   | Place    | Note
--------------------------------------------------------------
     0 | D:1      | 4thArraOfDagon the High Elf Fire Elementalist began the quest for the Orb.
     0 | D:1      | Reached XP level 1. HP: 11/11 MP: 4/4
   126 | D:3      | Noticed an orc wizard
   136 | D:3      | Noticed tof's ghost (amateur TeAs)
   166 | D:4      | Reached XP level 2. HP: 9/17 MP: 0/6
   239 | D:5      | Entered Level 5 of the Dungeon
   282 | D:5      | Noticed a phantom
   361 | D:5      | Found a basalt altar of Yredelemnul.
   361 | D:5      | Noticed a scorpion
   366 | D:5      | Killed a scorpion
   366 | D:5      | Reached XP level 3. HP: 12/21 MP: 5/8
   366 | D:5      | Reached XP level 4. HP: 15/27 MP: 5/9
   371 | D:5      | Learned a level 3 spell: Conjure Flame
   376 | D:5      | Learned a level 4 spell: Sticky Flame
   409 | D:6      | Noticed a water moccasin
   410 | D:6      | Reached skill level 4 in Fire Magic
   414 | D:6      | Killed a water moccasin
   414 | D:6      | Reached XP level 5. HP: 16/31 MP: 4/11
   448 | D:6      | Reached XP level 6. HP: 23/36 MP: 0/12
   552 | D:4      | Noticed Grinder
   567 | D:5      | Paralysed by Grinder for 5 turns
   571 | D:5      | Killed from afar by Grinder

Vault maps used:
D:1:      minmay_arrival_doors
D:2:      nicolae_overflow_hidden_temple, serial_forest,
          infiniplex_forest_lined_corner, infiniplex_forest_straight_1,
          infiniplex_forest_3_way, infiniplex_forest_straight_4,
          infiniplex_forest_lined_corner, minmay_misc_feat_nine_boxes, uniq_iyjb
D:3:      lemuel_round_altar
D:4:      minitemple, serial_shops, shop, first_bread, minivault_11,
          dk_rats_in_the_wall, uniq_grinder
D:5:      lemuel_round_altar, minmay_temple_entry_glass
D:6:      basic_altar, portal_sewer_entry_b, chequers_ossuary_entry_cave

Action                   |  1- 3 |  4- 6 || total
-------------------------+-------+-------++-------
Melee: Club              |    12 |     5 ||    17
       Unarmed           |     3 |       ||     3
 Cast: Flame Tongue      |    18 |     7 ||    25
       Sticky Flame      |       |     4 ||     4
       Conjure Flame     |       |     2 ||     2
Evoke: Wand              |     1 |     4 ||     5
  Use: Potion            |     1 |       ||     1
       Scroll            |     5 |     2 ||     7
